Map: Acid Plant LE

Players

CaravanDrago

  • Race: Terran Terran
  • League: Diamond
  • Spawn Location: 5:00

JeiNex - Winner!

  • Race: Zerg Zerg
  • League: Diamond
  • Spawn Location: 11:00

VOD

Have the link to the VOD?

Description

Time

  • Played on: March 11, 2018, 6:59 p.m.
  • Length: 13:31
Show
View Real Time Build Order
Export as new Build Order

CaravanDrago Terran 

Build Orders: Reaper Expand, Hellion Banshee, MMM Bio 

Get SALT Encoding   

  12  0:01  SCV  
  13  0:13  SCV  
  14  0:17  Supply Depot  
  14  0:25  SCV  
  15  0:28  Refinery  
  15  0:38  SCV  
  16  0:45  Barracks  
  16  0:51  SCV  
  17  1:03  SCV  
  18  1:15  SCV  
  19  1:32  Orbital Command, Reaper  
  20  1:46  Command Center  
  20  1:58  Factory  
  20  2:01  SCV  
  20  2:07  Barracks Reactor  
  21  2:12  Refinery  
  21  2:13  SCV  
  22  2:21  Supply Depot  
  22  2:26  SCV  
  23  2:43  SCV  
  24  2:46  Starport  
  24  2:49  Hellion x2  
  28  2:53  Barracks Tech Lab  
  28  2:55  SCV  
  29  3:14  Hellion x2  
  29  3:16  SCV  
  29  3:18  Orbital Command  
  34  3:29  SCV  
  34  3:32  Cloaking Field  
  31  3:34  Viking  
  37  3:41  Supply Depot  
  37  3:43  Hellion  
  37  3:47  SCV  
  40  3:53  Hellion  
  40  3:54  SCV  
  43  3:56  Barracks Tech Lab  
  43  4:01  SCV  
  44  4:04  Banshee  
  47  4:11  Supply Depot  
  47  4:13  SCV  
  48  4:20  SCV  
  49  4:27  Command Center  
  49  4:28  SCV  
  50  4:35  Supply Depot  
  50  4:38  SCV  
  51  4:41  Stimpack  
  51  4:46  Barracks  
  51  4:50  SCV  
  51  4:51  SCV  
  51  4:52  Factory Reactor  
  53  4:59  Barracks  
  53  5:03  Starport Reactor  
  53  5:06  Marine  
  54  5:07  SCV x2  
  54  5:10  Engineering Bay  
  54  5:11  Engineering Bay  
  56  5:19  SCV x2  
  58  5:26  Marine  
  59  5:31  SCV x2  
  59  5:34  Marine  
  59  5:35  Marine  
  62  5:38  Terran Infantry Armor Level 1, Terran Infantry Weapons Level 1  
  62  5:41  Refinery  
  62  5:42  Refinery  
  62  5:43  SCV x2  
  62  5:45  Orbital Command  
  64  6:00  Marine x4  
  64  6:01  Marine, Siege Tank  
  72  6:10  SCV x2  
  71  6:19  Marine x4  
  71  6:25  Barracks, Medivac x2  
  75  6:27  Barracks  
  79  6:35  Marine, Siege Tank  
  79  6:41  Combat Shields  
  79  6:43  Orbital Command  
  79  6:46  Marine x4  
  76  6:54  Supply Depot  
  77  6:55  Supply Depot  
  77  6:56  Supply Depot  
  77  7:03  Medivac  
  77  7:04  SCV x2, Medivac  
  83  7:13  Marine x2  
  83  7:15  Barracks Reactor x2, Marine x2  
  86  7:18  SCV x3  
  86  7:20  Marine  
  91  7:25  Siege Tank  
  94  7:30  SCV x2, Armory  
  94  7:31  SCV  
  97  7:42  SCV  
  97  7:43  SCV x2  
  97  7:46  Marine x4  
  97  7:47  Marine  
  97  7:48  Medivac x2  
  106  7:53  Marine x3  
  106  7:54  Command Center  
  109  8:03  Supply Depot x2  
  109  8:04  Supply Depot  
  109  8:06  Supply Depot  
  109  8:21  Marine  
  109  8:22  Marine  
  109  8:24  Marine x6  
  109  8:25  Siege Tank, Marauder, Medivac  
  109  8:26  Medivac  
  124  8:31  Terran Infantry Weapons Level 2, Refinery  
  124  8:32  Refinery  
  124  8:38  Barracks x2  
  124  8:39  Marine  
  124  8:40  Marine, Barracks  
  126  8:42  Barracks  
  126  8:46  Marine x4  
  126  8:47  Marine x3  
  133  8:53  SCV x3  
  136  8:58  Marine x2  
  136  8:59  Siege Tank, Supply Depot  
  141  9:05  SCV, Marine x2, Medivac x2  
  148  9:11  Marine x4  
  148  9:15  Terran Infantry Armor Level 2  
  152  9:24  Marine x2  
  152  9:25  Marine x2  
  144  9:32  Marine  
  144  9:33  Marine x3  
  144  9:36  Barracks Tech Lab x2  
  144  9:37  Barracks Reactor, Barracks Tech Lab  
  147  9:48  Marine x4  
  147  9:49  Siege Tank, Medivac x2  
  158  9:53  Planetary Fortress  
  158  9:55  SCV  
  158  9:56  SCV x2  
  161  10:01  Supply Depot x2, Terran Vehicle Weapons Level 1  
  161  10:03  Supply Depot  
  148  10:07  Marine x3  
  148  10:08  SCV, Marine x3  
  154  10:27  Marine  
  154  10:28  Marine x7  
  141  10:29  Marauder x3  
  149  10:41  Marine x3  
  152  10:45  Marine  
  152  10:46  Siege Tank  
  156  10:52  Starport  
  156  10:53  Starport  
  156  10:55  SCV x2  
  156  10:56  SCV x2  
  160  10:59  Refinery  
  160  11:01  Marine x2  
  162  11:20  Marine x4  
  162  11:21  Marine x4  
  162  11:22  Marauder x4  
  156  11:40  Liberator x2  
  156  11:46  Marine x2  
  140  11:47  Marine x3  
  140  11:48  Siege Tank  
  140  11:52  Marine x5  
  140  11:53  Marauder x4  
  153  12:13  Marine x6  
  153  12:14  Marine  
  146  12:17  Starport Tech Lab, Starport Reactor  
  146  12:20  Siege Tank  
  146  12:22  Marine x2  
  148  12:24  Marauder x3  
  148  12:25  Marauder  
  156  12:32  Command Center  
  157  12:37  SCV x3  
  157  12:39  Marine  
  160  12:45  Marauder x2  
  160  12:47  Marine x4  
Show
View Real Time Build Order
Export as new Build Order

JeiNex Zerg - Winner!

Build Orders: Hatch First 

Get SALT Encoding   

  12  0:01  Drone  
  13  0:13  Overlord  
  13  0:18  Drone  
  14  0:31  Drone x2  
  16  0:36  Drone  
  17  0:53  Hatchery  
  17  0:57  Drone  
  17  1:00  Drone  
  17  1:04  Extractor  
  17  1:16  Spawning Pool  
  16  1:20  Drone  
  17  1:25  Drone  
  17  1:29  Drone  
  19  1:40  Overlord  
  19  2:03  Metabolic Boost  
  19  2:04  Queen  
  19  2:05  Queen  
  19  2:07  Zergling x2  
  24  2:10  Zergling x2  
  24  2:13  Drone  
  26  2:17  Drone  
  26  2:20  Drone  
  28  2:24  Drone  
  28  2:43  Overlord, Drone x2  
  30  2:48  Queen  
  32  3:12  Hatchery  
  31  3:20  Lair  
  31  3:22  Drone  
  31  3:24  Queen, Drone  
  35  3:29  Drone x2  
  35  3:34  Overlord  
  36  3:45  Drone  
  36  3:48  Drone x4  
  40  3:49  Drone  
  40  3:53  Zergling x4  
  44  3:58  Drone  
  44  4:02  Queen  
  45  4:06  Overlord  
  47  4:10  Overlord  
  47  4:25  Hydralisk Den  
  47  4:26  Queen  
  48  4:31  Extractor  
  48  4:32  Drone x3, Extractor  
  48  4:33  Extractor, Drone x2  
  48  4:36  Drone x3  
  53  4:38  Drone  
  53  4:40  Drone  
  53  4:42  Drone  
  53  4:45  Drone  
  57  4:46  Drone  
  57  4:51  Overlord  
  58  4:53  Overlord  
  58  5:04  Overlord  
  58  5:06  Muscular Augments  
  58  5:10  Overlord x2  
  58  5:15  Pneumatized Carapace  
  58  5:18  Zergling x8  
  60  5:36  Drone x5  
  60  5:37  Drone x5  
  70  5:44  Spore Crawler  
  70  5:45  Spore Crawler  
  70  5:48  Overseer  
  70  5:49  Overseer  
  68  5:52  Drone x3  
  68  5:53  Drone  
  72  6:06  Hydralisk  
  72  6:07  Hydralisk x4  
  80  6:23  Drone x2  
  80  6:25  Overlord x4  
  82  6:34  Overlord  
  82  6:35  Baneling Nest  
  81  6:45  Drone x2  
  82  6:49  Drone x2  
  82  6:51  Drone, Evolution Chamber  
  82  6:52  Drone x3, Evolution Chamber  
  82  6:53  Drone  
  87  6:55  Queen  
  89  7:01  Hydralisk  
  89  7:02  Hydralisk x5  
  89  7:05  Grooved Spines  
  101  7:21  Zergling x2  
  101  7:22  Hydralisk, Overlord x2  
  102  7:23  Hydralisk  
  102  7:26  Hatchery  
  105  7:37  Hatchery  
  97  7:49  Zerg Ground Armor Level 1, Hydralisk, Zerg Missile Weapons Level 1  
  97  7:50  Hydralisk x5  
  109  7:55  Zergling x8  
  113  8:01  Drone  
  113  8:04  Drone x2, Extractor  
  113  8:05  Drone x4, Extractor  
  116  8:08  Queen  
  111  8:23  Zergling x2  
  111  8:24  Zergling x22  
  123  8:38  Infestation Pit, Drone x4  
  123  8:40  Drone  
  127  8:42  Zergling x2  
  127  8:43  Zergling x2, Centrifical Hooks  
  129  8:50  Drone x2  
  129  8:51  Drone x6  
  129  8:54  Baneling  
  129  8:55  Baneling x5  
  137  8:56  Baneling x3  
  137  8:58  Overlord  
  137  9:07  Overlord  
  137  9:08  Overlord  
  137  9:10  Drone x5  
  137  9:15  Hive  
  142  9:21  Zergling x12  
  142  9:23  Overlord  
  135  9:31  Zergling x2  
  135  9:32  Zergling x16  
  135  9:37  Zergling x8  
  147  9:41  Queen  
  149  9:46  Zerg Missile Weapons Level 2  
  149  9:47  Zerg Ground Armor Level 2  
  149  9:52  Zergling x2  
  150  9:53  Zergling x16  
  157  10:03  Hydralisk x5  
  157  10:16  Spore Crawler  
  157  10:17  Spine Crawler  
  157  10:18  Spine Crawler  
  151  10:21  Zergling x2  
  151  10:22  Zergling x28  
  149  10:29  Zergling x2  
  149  10:30  Zergling x4  
  149  10:33  Zergling x2  
  149  10:34  Zergling x4  
  153  10:39  Ultralisk Cavern  
  153  10:41  Baneling  
  152  10:43  Baneling  
  152  10:44  Baneling x15  
  152  10:45  Baneling x13  
  152  10:57  Overlord x3  
  152  11:01  Hatchery  
  152  11:03  Drone x4  
  152  11:04  Drone x3  
  158  11:26  Zergling x18  
  158  11:27  Zergling x18  
  174  11:38  Zergling x2  
  174  11:39  Zergling x16  
  162  11:46  Ultralisk x3  
  156  11:56  Baneling x10  
  156  11:57  Baneling x2  
  156  11:58  Baneling x2  
  156  11:59  Baneling  
  156  12:02  Chitinous Plating  
  149  12:09  Hatchery  
  149  12:11  Zergling x14  
  151  12:25  Zergling x2  
  151  12:26  Zergling x18  
  161  12:33  Extractor  
  161  12:36  Extractor  
  159  12:41  Hatchery  
  159  12:42  Overlord  
  159  12:43  Overlord  
  158  12:46  Zergling x16  
  166  12:54  Zergling x2  
  166  12:55  Zergling x16  
  174  13:01  Baneling x5  
  167  13:07  Hydralisk  
  160  13:12  Zergling x2  
  160  13:13  Zergling x8  
Tags
 
Add a new tag
Caveats
  • Supply blocks, unpowered buildings, or Contaminate may cause inaccurate times.
  • Supply counts are checked every 10 seconds.